 Dungeon Crawl Stone Soup version 0.32-a0-893-gf85d74f360 (webtiles) character file.

Game seed: 14452572977050355272

236636 Esekla the Eclecticist (level 18, 0/141 HPs)
             Began as a Demonspawn Wanderer on Apr 1, 2024.
             Was the Champion of Vehumet.
             Killed from afar by an ironbound frostheart (37 damage)
             ... by creeping frost
             ... on level 1 of the Vaults on Apr 4, 2024.
             The game lasted 05:41:51 (42325 turns).

Esekla the Eclecticist (Demonspawn Wanderer)       Turns: 42325, Time: 05:41:52

Health: 0/141      AC: 21    Str: 12    XL:     18   Next: 51%
Magic:  22/37      EV: 11    Int: 23    God:    Vehumet [******]
Gold:   1323       SH: 16    Dex: 14    Spells: 7/48 levels left

rFire   . . .        a - +9 dagger (vamp)
rCold   . . .        V - +2 kite shield {reflect}
rNeg    . . .        M - +0 troll leather armour
rPois   +            t - +2 hat {Will+}
rElec   .            c - +0 cloak of Immorality {rPois Int+3}
rCorr   .            (gloves unavailable)
SInv    +            m - +2 pair of boots
Will    ++...        J - amulet of the acrobat
Stlth   ++++         N - +4 ring of protection
HPRegen 1.23/turn    l - ring of see invisible
MPRegen 0.25/turn

%: reflection, acrobat
@: no status effects
A: yellow scales 2, icemail 1, condensation shield, demonic magic 2, corrupting
presence 2, demonic touch 3
}: 2/15 runes: decaying, gossamer
a: Renounce Religion


You were on level 1 of the Vaults.
You worshipped Vehumet.
Vehumet was exalted by your worship.
You visited 7 branches of the dungeon, and saw 32 of its levels.
You also visited: Bailey and Gauntlet.

You collected 3075 gold pieces.
You spent 1752 gold pieces at shops.

Inventory:

Hand Weapons
 a - a +9 vampiric dagger (weapon)
 f - a +0 long sword of flaming
 g - a +1 demon blade of venom
 r - a +4 spear
 s - the +9 rapier of Unreason {venom, rElec Stlth+}
   (You bought it in a shop on level 7 of the Dungeon)

   rElec:     It insulates you from electricity.
   Stlth+:    It makes you more stealthy.
Missiles
 j - 25 poisoned darts
 x - 12 curare-tipped darts
 G - 4 boomerangs (quivered)
 U - 4 silver javelins
Armour
 c - the +0 cloak of Immorality (worn) {rPois Int+3}
   (You found it in a Gauntlet)

   Int+3:     It affects your intelligence (+3).
   rPois:     It protects you from poison.
 m - a +2 pair of boots (worn)
 t - a +2 hat of willpower (worn)
 B - a +2 cloak of poison resistance
 F - a +1 robe of resistance
 M - a +0 troll leather armour (worn)
 V - a +2 kite shield of reflection (worn)
Jewellery
 k - a ring of protection from fire
 l - a ring of see invisible (right hand)
 D - the ring "Soebioc" {+Blink rF+ rCorr Int+3}
   (You acquired it on level 2 of the Orcish Mines)

   [ring of resist corrosion]

   Int+3:     It affects your intelligence (+3).
   rF+:       It protects you from fire.
   +Blink:    It lets you blink.
   rCorr:     It protects you from acid and corrosion.
 J - an amulet of the acrobat (around neck)
 N - a +4 ring of protection (left hand)
 Q - a +4 ring of protection
 R - a ring of protection from fire
 S - a ring of protection from cold
Wands
 q - a wand of quicksilver (16)
 w - a wand of mindburst (26)
 y - a wand of flame (15)
 z - a wand of roots (11)
 E - a wand of digging (10)
Scrolls
 d - 5 scrolls of enchant weapon
 e - 3 scrolls of teleportation
 i - 11 scrolls of poison
 n - 2 scrolls of fear
 A - 2 scrolls of silence
 I - 2 scrolls of revelation
 L - a scroll of fog
 T - 3 scrolls of blinking
Potions
 b - 5 potions of brilliance
 h - 2 potions of invisibility
 o - 3 potions of haste
 p - 2 potions of heal wounds
 u - 3 potions of enlightenment
 v - 4 potions of lignification
 C - 3 potions of curing
 H - 2 potions of might
 K - 5 potions of ambrosia
 O - 2 potions of cancellation
 P - 5 potions of attraction
 X - 3 potions of magic
 Z - a potion of berserk rage
Miscellaneous
 W - a lightning rod (4/4)
 Y - a Gell's gravitambourine (2/2)


   Skills:
 * Level 12.3 Fighting
 + Level 5.8 Short Blades
 + Level 0.2(4.6) Maces & Flails
 + Level 7.4(7.5) Staves
 + Level 1.3 Throwing
 + Level 5.8 Armour
 + Level 6.1 Dodging
 + Level 10.5 Stealth
 * Level 7.8 Shields
 * Level 15.5 Spellcasting
 + Level 5.5 Conjurations
 + Level 7.7 Necromancy
 + Level 4.3 Translocations
 + Level 6.3 Fire Magic
 * Level 9.0 Ice Magic
 * Level 8.1 Air Magic
 + Level 7.2 Earth Magic
 + Level 7.2 Alchemy
 + Level 3.4 Evocations


You had 7 spell levels left.
You knew the following spells:

 Your Spells              Type           Power      Damage    Failure   Level
a - Ozocubu's Armour      Ice            56%        N/A       1%          3
b - Blink                 Tloc           74%        N/A       3%          2
c - Mephitic Cloud        Conj/Alch/Air  50%        N/A       1%          3
d - Vampiric Draining     Necr           52%        2d9       1%          3
f - Fireball              Conj/Fire      22%        3d10      8%          5
i - Iskenderun's Mystic Conj/Tloc 40%            2d9        (+2d5     4%          4
k - Airstrike             Air            26%        2d(4-20)  1%          4
l - Lee's Rapid Deconstr  Erth           25%        3d14*     4%          5
o - Scorch                Fire           92%        2d8       1%          2
r - Frozen Ramparts       Ice            100%       1d16      1%          3
v - Mercury Vapours       Alch/Air       100%       N/A       1%          2
z - Freezing Cloud        Conj/Ice/Air   25%        6-21      4%          5

Your spell library contained the following spells:

 Spells                   Type           Power      Damage    Failure   Level
 Maxwell's Capacitive Co  Air            26%        ∞         99%         8
 Chain Lightning          Conj/Air       24%        3d32      100%        9
 Fire Storm               Conj/Fire      22%        8d6       100%        9
 Foxfire                  Conj/Fire      100%       2x1d9     1%          1
 Magic Dart               Conj           100%       1d8       1%          1
 Necrotise                Necr           100%       1d9       1%          1
 Sandblast                Erth           100%       2d20      1%          1
 Shock                    Conj/Air       100%       1d9       1%          1
 Momentum Strike          Conj/Tloc      80%        3d10      1%          2
 Searing Ray              Conj           86%        2d7       1%          2
 Static Discharge         Conj/Air       98%        3-8/arc   1%          2
 Passwall                 Erth           50%        N/A       1%          3
 Stone Arrow              Conj/Erth      94%        3d12      1%          3
 Swiftness                Air            53%        N/A       1%          3
 Volatile Blastmotes      Fire/Tloc      84%        2d17      1%          3
 Brom's Barrelling Bould  Conj/Erth      47%        2d6       2%          4
 Fulminant Prism          Conj/Alch      23%        3d12      2%          4
 Lesser Beckoning         Tloc           74%        N/A       3%          2
 Flame Wave               Conj/Fire      45%        2d12      3%          4
 Vhi's Electric Charge    Tloc/Air       92%        N/A       9%          4
 Alistair's Intoxication  Alch           34%        N/A       16%         5
 Borgnjor's Vile Clutch   Necr/Erth      25%        N/A       16%         5
 Summon Lightning Spire   Summ/Air       36%        N/A       22%         4
 Eringya's Noxious Bog    Alch           25%        4d6       22%         6
 Plasma Beam              Fire/Air       25%        2x1d37    24%         6
 Conjure Ball Lightning   Conj/Air       24%        3x3d7     28%         6
 Bombard                  Conj/Erth      23%        9d4       32%         6
 Sigil of Binding         Hex            17%        N/A       34%         3
 Starburst                Conj/Fire      22%        6d8       36%         6
 Metabolic Englaciation   Hex/Ice        19%        N/A       45%         5
 Ozocubu's Refrigeration  Ice            28%        4d13      50%         7
 Sculpt Simulacrum        Ice/Alch       26%        N/A       54%         6
 Death Channel            Necr           26%        N/A       58%         6
 Cause Fear               Hex            8%         N/A       75%         4
 Summon Forest            Summ/Tloc      13%        N/A       80%         5
 Summon Cactus Giant      Summ           8%         N/A       100%        6
 Discord                  Hex            8%         N/A       100%        8
 Disjunction              Tloc           18%        N/A       100%        8
 Lehudib's Crystal Spear  Conj/Erth      23%        10d7      100%        8
 Dragon's Call            Summ           8%         N/A       100%        9
 Polar Vortex             Ice            28%        12d3*     100%        9


Dungeon Overview and Level Annotations

Branches:
Dungeon (15/15)            Temple (1/1) D:4            Lair (5/5) D:10
  Swamp (4/4) Lair:2       Spider (4/4) Lair:3        Slime (0/5) Lair:5
    Orc (2/2) D:9             Elf (0/3) Orc:2        Vaults (1/5) D:13
 Depths (0/4) D:15         Bailey (visited)         Gauntlet (visited)

Altars:
Ashenzari
Cheibriados
Dithmenos
Fedhas
Gozag
Hepliaklqana
Kikubaaqudgha
Makhleb
Nemelex Xobeh
Okawaru
Qazlal
Ru
Sif Muna
Trog
Uskayaw
Vehumet
Wu Jian
Xom
Yredelemnul
Beogh
Jiyva

Shops:
D:7 ?((*[   D:10 ([   D:14 *   Orc:1 !   Orc:2 ((?*

Portals:
Hell: Lair:5

Annotations:
Lair:5 1 runed translucent door, jamsaran's ghost, journeyman TeSu
Spider:2 3 runed translucent doors, Chadd's ghost, adept CoGl; Fowoyxt's ghost, adept TrFi; Oroqousi's ghost, adept GrEE; Sukhag's ghost, adept MiCA; Unoview's ghost, adept KoAr


Innate Abilities, Weirdness & Mutations

You are mostly covered in yellow scales. (AC +3)
A meltable icy envelope protects you from harm. (AC +4)
A meltable shield of frost defends you. (SH +4)
Spells you cast may paralyse nearby enemies.
Your presence sometimes corrodes or deforms those you injure.
Your touch may irresistibly damage your foes and sap their willpower.


Message History

You draw life force from the ironbound preserver!
Your corrupting presence corrodes the ironbound preserver!
You feel life coursing into your body. Malevolent energies surge around you.
The ironbound preserver is engulfed in noxious fumes.
The ironbound preserver closely misses you.
The ironbound frostheart is engulfed in noxious fumes.
The ironbound frostheart calls freezing cold from the walls.
The frost grips you!
Electricity crackles from the ironbound thunderhulk's apparatus.
The bolt of lightning hits you!!!
Casting: Vampiric Draining (safe; 1% risk of failure)
Confirm with . or Enter, or press ? or * to list all spells.
Aiming: Vampiric Draining (safe; 1% risk of failure)
Press: ? - help, Shift-Dir - straight line, f/p - ironbound preserver
Aim: an ironbound preserver, wielding a +0 great mace and wearing a +0 ring mail of willpower (noxious fumes, moderately wounded, confused, covered in acid)
You draw life force from the ironbound preserver!
You feel life coursing into your body. Malevolent energies surge around you.
The ice encasing you melts away.
The ironbound preserver is engulfed in noxious fumes.
The ironbound frostheart is engulfed in noxious fumes.
Electricity crackles from the ironbound thunderhulk's apparatus.
The bolt of lightning hits you!!!
* * * LOW HITPOINT WARNING * * *
You feel much better. The ironbound frostheart touches you.
* * * LOW HITPOINT WARNING * * *
The ironbound frostheart freezes you!!
* * * LOW HITPOINT WARNING * * *
You feel much better.
The ironbound preserver barely misses the ironbound thunderhulk.
You block the ironbound frostheart's attack.
Casting: Vampiric Draining (safe; 1% risk of failure)
Confirm with . or Enter, or press ? or * to list all spells.
Aiming: Vampiric Draining (safe; 1% risk of failure)
Press: ? - help, Shift-Dir - straight line, f - ironbound thunderhulk, p - ironbound preserver
Aim: an ironbound thunderhulk, wielding a +0 dire flail and wearing a +0 animal skin (severely wounded, strong, very poisoned)
You draw life force from the ironbound thunderhulk!
You feel life coursing into your body! Malevolent energies surge around you.
The ironbound frostheart calls freezing cold from the walls.
The frost grips you!!!
You die...

#.......# #....#.....###
#..)††..#......#....####).#..
#....†..#......#....####+###.
#..).[..#......#....#......#.
#....)..#......#....#......#.
#.......#.>....#....#......#.
#.......#..§...#....#......'.
#.......#.p.p☼.#....#......#.
#.......#.)O@°.#.)..#......#.
#.......##)#####....########.
#............................
#............................
#............................
#............................
#............................
#...#################+#######
#...


You could see an ironbound preserver (confused, corroded), an ironbound
thunderhulk (strong, very poisoned) and an ironbound frostheart.

Vanquished Creatures
  Nikola (Spider:1)
  Gastronok (Lair:3)
  Kirke (Lair:4)
  3 thorn hunters
  Roxanne (Spider:1)
  Aizul (Lair:3)
  2 vault wardens (Vaults:1)
  8 emperor scorpions
  3 ghost moths
  9 broodmothers
  4 eleionomae
  3 spark wasps
  A minotaur (Gauntlet)
  2 dire elephants (Lair:5)
  2 bunyips
  2 entropy weavers (shapeshifter)
  2 fire dragons (D:15)
  An ettin (Orc:2)
  2 shambling mangroves (Swamp:3)
  An ice dragon (D:15)
  13 hydras
  6 entropy weavers
  8 vault guards (D:13)
  A spriggan air mage (Swamp:2)
  An ogre mage (D:15)
  3 ghost crabs
  7 alligators
  2 ironbound frosthearts (Vaults:1)
  A catoblepas (Lair:5)
  3 radroaches
  3 centaur warriors
  8 two-headed ogres
  7 boulder beetles
  11 demonic crawlers
  A death yak (D:10)
  An occultist (Lair:5)
  3 orc high priests (Orc:2)
  Sonja (D:11)
  A soul eater (Gauntlet)
  Amaemon (D:9)
  16 pharaoh ants
  3 skeletal warriors
  2 skysharks (Lair:5)
  A sixfirhy (Lair:5)
  2 sun moths
  2 spriggan druids
  3 deep trolls (Vaults:1)
  4 goliath frogs
  16 orb spiders
  4 bog bodies
  10 swamp dragons
  5 ironbound convokers (Vaults:1)
  Pikel (D:7)
  7 orc knights
  An obsidian bat (Orc:1)
  9 steelbarb worms
  A deep elf pyromancer (D:13)
  A harpy (Vaults:1)
  21 wolf spiders
  6 will-o-the-wisps
  3 cyclopes
  6 orc sorcerers
  21 ugly things
  Maurice (D:11)
  A meliai (shapeshifter) (D:15)
  2 manticores
  8 moths of wrath
  4 kobold blastminers
  4 meliai (Spider:4)
  Joseph (D:9)
  2 elephants (Lair:5)
  2 orange demons
  Maggie (D:7)
  2 vault sentinels (Vaults:1)
  4 black mambas
  A torpor snail (Spider:4)
  An unseen horror (D:10)
  13 cane toads
  4 rime drakes
  2 kobold demonologists (D:11)
  8 komodo dragons
  A freezing wraith (D:14)
  5 yaktaurs (Vaults:1)
  4 red devils (Lair:5)
  A tengu conjurer (D:12)
  A wolf spider simulacrum (D:15)
  A troll (shapeshifter) (D:15)
  A hellwing (Lair:5)
  5 trolls
  8 tyrant leeches
  A bloated husk (Swamp:4)
  8 hornets
  24 tarantellas
  A polar bear (Lair:2)
  25 jumping spiders
  6 slime creatures
  17 blink frogs
  Sigmund (D:6)
  4 shadows
  47 yaks
  A vampire (D:12)
  23 culicivoras
  9 spriggans
  3 water elementals (D:14)
  3 hogs (Lair:4)
  4 wraiths
  A human (Lair:4)
  A yak (shapeshifter) (D:14)
  5 wargs
  Grum (D:9)
  3 wyverns
  4 basilisks
  A neqoxec (Gauntlet)
  2 steam dragons (D:11)
  69 redbacks
  3 vampire mosquitoes
  3 chaos spawn (Gauntlet)
  Menkaure (D:4)
  10 swamp worms
  An acid dragon (D:8)
  4 hell hounds (Lair:5)
  12 water moccasins
  An ice beast (D:6)
  3 black bears
  4 swamp drakes (Swamp:4)
  25 orc warriors
  A black bear (shapeshifter) (D:15)
  A laughing skull (D:10)
  18 wolves
  5 ogres
  A phantom (D:5)
  3 centaurs
  5 kobold brigands
  Blork the orc (D:6)
  2 gnoll sergeants (D:10)
  2 scorpions
  15 bullfrogs
  11 wights
  9 killer bees
  An electric eel (D:14)
  A howler monkey (D:13)
  5 bombardier beetles
  2 jellies
  5 hounds
  A gnoll bouda (D:9)
  20 orc priests
  5 iguanas
  A sleepcap (D:6)
  35 orc wizards
  5 gnolls
  7 adders
  4 shadow imps (Gauntlet)
  2 white imps
  2 ufetubi (D:6)
  3 ribbon worms
  4 dart slugs
  85 orcs
  5 ball pythons
  6 endoplasms
  5 giant cockroaches
  6 goblins
  6 hobgoblins
  2 quokkas
  2 bats (D:1)
  4 frilled lizards
  19 kobolds
  8 rats
1021 creatures vanquished.

Vanquished Creatures (collateral kills)
  A tarantella (Spider:2)
  A hornet (Swamp:2)
2 creatures vanquished.

Vanquished Creatures (others)
  A torpor snail (Spider:3)
  A rime drake (Swamp:4)
  A redback (Spider:2)
  18 foxfires
21 creatures vanquished.

Grand Total: 1044 creatures vanquished

Notes
Turn   | Place    | Note
-------+----------+-------------------------------------------
     0 | D:1      | Esekla the Demonspawn Wanderer began the quest for the Orb.
     0 | D:1      | Esekla set off with the following items: a +2 quarterstaff,
                  | a +0 helmet, a scroll of blinking, a +0 leather armour; and
                  | the following spell memorised: Necrotise; and the following
                  | spells available to memorise: Vampiric Draining.
     0 | D:1      | Reached XP level 1. HP: 15/15 MP: 2/2
   189 | D:1      | Gained mutation: Your touch may inflict minor irresistible
                  | damage on your foes. [demonic ancestry]
   189 | D:1      | Reached XP level 2. HP: 21/21 MP: 3/3
   690 | D:2      | Found a faded altar of an unknown god.
   731 | D:3      | Reached XP level 3. HP: 6/26 MP: 5/5
   735 | D:3      | Learned a level 3 spell: Vampiric Draining
  1497 | D:2      | Gained mutation: A meltable shield of frost defends you.
                  | (SH +4) [demonic ancestry]
  1497 | D:2      | Reached XP level 4. HP: 22/33 MP: 2/6
  1961 | D:2      | Learned a level 2 spell: Mercury Vapours
  2214 | D:4      | Noticed an ogre
  2288 | D:4      | Gained mutation: Your touch may inflict irresistible damage
                  | on your foes. [demonic ancestry]
  2288 | D:4      | Reached XP level 5. HP: 38/38 MP: 7/7
  2313 | D:4      | Killed an ogre
  2314 | D:4      | Reached skill level 2 in Spellcasting
  2461 | D:4      | Found a staircase to the Ecumenical Temple.
  2497 | Temple   | Entered the Ecumenical Temple
  2516 | Temple   | Became a worshipper of Vehumet
  2775 | D:4      | Gained mutation: You are partially covered in yellow
                  | scales. (AC +2) [demonic ancestry]
  2775 | D:4      | Reached XP level 6. HP: 36/44 MP: 5/9
  2923 | D:4      | Noticed Menkaure
  3440 | D:4      | Gained mutation: Your touch may irresistibly damage your
                  | foes and sap their willpower. [demonic ancestry]
  3440 | D:4      | Reached XP level 7. HP: 45/51 MP: 3/10
  3505 | D:4      | Reached skill level 5 in Staves
  3634 | D:4      | Killed Menkaure
  3635 | D:4      | Reached skill level 1 in Dodging
  3847 | D:5      | Entered Level 5 of the Dungeon
  4022 | D:5      | Reached * piety under Vehumet
  4022 | D:5      | Offered knowledge of Sting by Vehumet.
  4023 | D:5      | Reached skill level 3 in Spellcasting
  4343 | D:5      | Gained mutation: Spells you cast may paralyse adjacent
                  | enemies. [demonic ancestry]
  4343 | D:5      | Reached XP level 8. HP: 47/57 MP: 2/12
  4486 | D:6      | Noticed Blork the orc
  4490 | D:6      | Reached skill level 1 in Shields
  4501 | D:6      | Killed Blork the orc
  4559 | D:6      | Noticed Sigmund
  4714 | D:6      | Found an opulent altar of Gozag.
  5780 | D:6      | Killed Sigmund
  5781 | D:6      | Reached skill level 4 in Spellcasting
  6035 | D:7      | Found Yryinosu's Weapon Shoppe.
  6090 | D:7      | Found Vufeorow's Magic Scroll Shop.
  6093 | D:7      | Bought a scroll of enchant armour for 82 gold pieces
  6103 | D:7      | Found a sacrificial altar of Ru.
  6109 | D:7      | Found a flagged portal.
  6130 | D:7      | Reached XP level 9. HP: 55/67 MP: 2/15
  6135 | D:7      | Learned a level 3 spell: Mephitic Cloud
  6220 | Bailey   | Entered a bailey
  6243 | Bailey   | Offered knowledge of Momentum Strike by Vehumet.
  6288 | Bailey   | Reached ** piety under Vehumet
  6449 | Bailey   | Noticed an orc knight
  6493 | Bailey   | Killed an orc knight
  6494 | Bailey   | Reached skill level 5 in Fighting
  6494 | Bailey   | Reached skill level 1 in Conjurations
  6494 | Bailey   | Reached skill level 5 in Necromancy
  6494 | Bailey   | Reached skill level 1 in Air Magic
  6494 | Bailey   | Reached skill level 1 in Alchemy
  6542 | Bailey   | Identified the +1 robe of Limited Liability {Str+9 Int+3}
  6745 | D:7      | Found Joptoar's Antique Weapon Emporium.
  6828 | D:7      | Noticed Maggie
  6843 | D:7      | Killed Maggie
  7104 | D:7      | Found Layliss's Armour Shoppe.
  7165 | D:7      | Offered knowledge of Stone Arrow by Vehumet.
  7207 | D:7      | Found Ymei's Assorted Antiques.
  7214 | D:7      | Bought a murky pink potion for 25 gold pieces
  7214 | D:7      | Bought a scroll labelled RUONIF CEELOUCW for 28 gold pieces
  7214 | D:7      | Bought a scroll labelled ARCHUUDOMYU for 28 gold pieces
  7214 | D:7      | Bought an embroidered cloak for 210 gold pieces
  7480 | D:8      | Noticed Pikel
  7496 | D:7      | Killed Pikel
  7497 | D:7      | Reached skill level 5 in Spellcasting
  7497 | D:7      | Reached XP level 10. HP: 63/74 MP: 14/17
  7774 | D:8      | Learned a level 2 spell: Scorch
  8212 | D:8      | Reached skill level 1 in Ice Magic
  8218 | D:8      | Reached skill level 5 in Armour
  8227 | D:8      | Reached *** piety under Vehumet
  8971 | D:9      | Noticed Joseph
  9082 | D:9      | Killed Joseph
  9131 | D:9      | Noticed Amaemon
  9243 | D:9      | Noticed Grum
  9275 | D:9      | Killed Grum
  9411 | D:9      | Reached skill level 1 in Fire Magic
  9424 | D:9      | Reached skill level 1 in Short Blades
  9471 | D:9      | Noticed an orange demon
  9498 | D:9      | Killed an orange demon
  9555 | D:9      | Learned a level 5 spell: Freezing Cloud
  9565 | D:9      | Killed Amaemon
 10110 | D:9      | Found a staircase to the Orcish Mines.
 10143 | Orc:1    | Entered Level 1 of the Orcish Mines
 10143 | Orc:1    | Noticed a kobold blastminer
 10143 | Orc:1    | Noticed a kobold blastminer
 10157 | Orc:1    | Killed a kobold blastminer
 10157 | Orc:1    | Offered knowledge of Brom's Barrelling Boulder by Vehumet.
 10158 | Orc:1    | Reached skill level 6 in Spellcasting
 10158 | Orc:1    | Reached XP level 11. HP: 55/81 MP: 11/20
 10236 | Orc:1    | Noticed an orc knight
 10260 | D:9      | Killed an orc knight
 10334 | D:9      | Reached skill level 5 in Stealth
 10396 | Orc:1    | Found a roughly hewn altar of Beogh.
 10402 | Orc:1    | Found Daeclav's Distillery.
 10479 | Orc:1    | Noticed an orc sorcerer
 10488 | Orc:1    | Killed an orc sorcerer
 10523 | Orc:1    | Bought a potion of might for 44 gold pieces
 10596 | Orc:1    | Noticed an obsidian bat
 10660 | Orc:1    | Killed an obsidian bat
 10809 | D:10     | Entered Level 10 of the Dungeon
 10981 | D:10     | Found a staircase to the Lair.
 10981 | D:10     | Noticed a death yak
 11030 | D:10     | Found Wynk's Antique Weapon Boutique.
 11159 | D:10     | Reached **** piety under Vehumet
 11445 | D:10     | Offered knowledge of Iskenderun's Mystic Blast by Vehumet.
 11472 | D:10     | Killed a death yak
 11642 | D:10     | Got the Information on Companions and Weather
 11648 | D:10     | Learned a level 4 spell: Iskenderun's Mystic Blast
 11687 | D:10     | Noticed a two-headed ogre
 11704 | D:10     | Killed a two-headed ogre
 11799 | D:10     | Reached skill level 7 in Spellcasting
 11860 | D:10     | Noticed a centaur warrior
 11940 | D:10     | Killed a centaur warrior
 11941 | D:10     | Reached XP level 12. HP: 82/89 MP: 15/22
 12236 | D:10     | a naga changed into an entropy weaver
 12236 | D:10     | Noticed an entropy weaver (shapeshifter)
 12242 | D:10     | Killed an entropy weaver
 12388 | D:10     | Found Uthregadd's Armour Shop.
 12669 | D:10     | Bought a polished falchion for 200 gold pieces
 12669 | D:10     | Identified the +4 falchion "Huxkov" {antimagic, rF+ SInv}
                  | (You bought it in a shop on level 10 of the Dungeon)
 12723 | Lair:1   | Entered Level 1 of the Lair of Beasts
 12927 | Lair:1   | Reached ***** piety under Vehumet
 12936 | Lair:1   | Noticed a boulder beetle
 12951 | Lair:1   | Killed a boulder beetle
 12951 | Lair:1   | Offered knowledge of Plasma Beam by Vehumet.
 13157 | Lair:1   | Reached skill level 8 in Spellcasting
 13315 | Lair:1   | Reached skill level 5 in Ice Magic
 13321 | Lair:1   | Noticed a boulder beetle
 13330 | Lair:1   | Killed a boulder beetle
 13423 | Lair:1   | Noticed a five-headed hydra
 13435 | Lair:1   | Killed a five-headed hydra
 14402 | Lair:2   | Found a staircase to the Swamp.
 14496 | Lair:2   | Noticed a seven-headed hydra
 14508 | Lair:2   | Killed a seven-headed hydra
 14509 | Lair:2   | Reached skill level 9 in Spellcasting
 14509 | Lair:2   | Gained mutation: Spells you cast may paralyse nearby
                  | enemies. [demonic ancestry]
 14509 | Lair:2   | Reached XP level 13. HP: 90/98 MP: 11/26
 14990 | Lair:3   | Learned a level 4 spell: Airstrike
 15017 | Lair:3   | You fall into a shaft and drop 1 floor!
 15215 | Lair:3   | Found a hole to the Spider Nest.
 15420 | Lair:3   | Noticed Gastronok
 15487 | Lair:3   | Killed Gastronok
 15488 | Lair:3   | Reached skill level 5 in Air Magic
 15489 | Lair:3   | Offered knowledge of Ozocubu's Refrigeration by Vehumet.
 16198 | Lair:3   | Reached skill level 1 in Throwing
 17221 | Lair:4   | Reached skill level 10 in Spellcasting
 17449 | Lair:4   | Noticed Kirke
 17471 | Lair:4   | Killed Kirke
 17668 | Lair:5   | Entered Level 5 of the Lair of Beasts
 17779 | Lair:5   | Reached skill level 5 in Alchemy
 17840 | Lair:5   | Found a runed translucent door.
 17844 | Lair:5   | Noticed jamsaran's ghost (journeyman TeSu)
 17884 | Lair:5   | Offered knowledge of Starburst by Vehumet.
 18435 | Lair:5   | Found a viscous altar of Jiyva.
 18435 | Lair:5   | Found a staircase to the Slime Pits.
 19127 | Lair:5   | Identified a scroll of acquirement
 19228 | Lair:5   | Noticed a dire elephant
 19237 | Lair:5   | Reached XP level 14. HP: 48/108 MP: 28/28
 20163 | Lair:5   | Found a burning altar of Makhleb.
 20174 | Lair:5   | Reached skill level 5 in Fire Magic
 20298 | Lair:5   | Found a gateway to Hell.
 20378 | Lair:5   | Upgraded the game from 0.32-a0-876-gcfddb08e57 to
                  | 0.32-a0-886-g41c5271027
 20600 | Orc:2    | Entered Level 2 of the Orcish Mines
 20744 | Orc:2    | Reached skill level 11 in Spellcasting
 20870 | Orc:2    | Found a staircase to the Elven Halls.
 21496 | Orc:2    | Paralysed by an orc sorcerer for 4 turns
 21670 | Orc:2    | Offered knowledge of Arcjolt by Vehumet.
 21938 | Orc:2    | Found Pesaprij's Assorted Antiques.
 21946 | Orc:2    | Found Corout Gievi's Antique Weapon Emporium.
 21946 | Orc:2    | Found Biduptuz's Antique Weapon Shop.
 21948 | Orc:2    | Found Mafuugh's Magic Scroll Shop.
 21994 | Orc:2    | Bought a scroll of noise for 11 gold pieces
 22007 | Orc:2    | Bought a scroll of identify for 22 gold pieces
 22007 | Orc:2    | Bought a scroll of identify for 22 gold pieces
 22007 | Orc:2    | Bought a scroll of identify for 22 gold pieces
 22007 | Orc:2    | Bought a scroll of brand weapon for 104 gold pieces
 22019 | Orc:2    | Bought a smoking trident for 221 gold pieces
 22019 | Orc:2    | Identified the +9 trident of Propriety {elec, *Slow Will+
                  | Int+3} (You bought it in a shop on level 2 of the Orcish
                  | Mines)
 22035 | Orc:2    | Acquired the ring "Soebioc" {+Blink rF+ rCorr Int+3}
 22443 | D:7      | Bought a smoking rapier for 342 gold pieces
 22443 | D:7      | Identified the +9 rapier of Unreason {venom, rElec Stlth+}
                  | (You bought it in a shop on level 7 of the Dungeon)
 22574 | D:10     | Bought a glowing dagger for 125 gold pieces
 22666 | D:7      | Bought a runed quarterstaff for 266 gold pieces
 23027 | D:11     | Noticed Sonja
 23036 | D:11     | Killed Sonja
 23090 | D:11     | Reached skill level 5 in Dodging
 23121 | D:11     | Noticed Maurice
 23134 | D:11     | Killed Maurice
 23335 | D:11     | Reached skill level 1 in Evocations
 24024 | D:12     | Found a shimmering blue altar of Sif Muna.
 24030 | D:12     | Got the Cyclopedia of Mud and Vapour
 24037 | D:12     | Learned a level 5 spell: Lee's Rapid Deconstruction
 24779 | D:13     | Found a gate to the Vaults.
 25026 | D:13     | Reached skill level 1 in Earth Magic
 25030 | D:13     | Gained mutation: Your presence sometimes corrodes those you
                  | injure. [demonic ancestry]
 25030 | D:13     | Reached XP level 15. HP: 109/115 MP: 30/30
 25107 | D:11     | Reached skill level 10 in Fighting
 25201 | D:12     | Reached skill level 12 in Spellcasting
 25611 | D:14     | Found Ejaqigoumo's General Store.
 25663 | D:14     | Learned a level 2 spell: Blink
 26283 | D:14     | Reached skill level 5 in Short Blades
 26490 | D:15     | Entered Level 15 of the Dungeon
 26652 | D:15     | Found a staircase to the Depths.
 26699 | D:15     | Found a gate leading to a gauntlet.
 26751 | Gauntlet | Entered a Gauntlet
 26751 | Gauntlet | Found a transporter.
 26751 | Gauntlet | Found a transporter.
 26753 | Gauntlet | Found a transporter.
 26774 | Gauntlet | Found a transporter.
 26787 | Gauntlet | Found a transporter.
 26790 | Gauntlet | Found a transporter.
 26805 | Gauntlet | Found a transporter.
 26819 | Gauntlet | Found a transporter.
 26825 | Gauntlet | Found a transporter.
 26825 | Gauntlet | Found a transporter.
 26843 | Gauntlet | Found a transporter.
 26846 | Gauntlet | Found a transporter.
 27112 | Gauntlet | Identified the +0 cloak of Immorality {rPois Int+3}
 27284 | Gauntlet | Identified the +1 morningstar "Xoveijis" {protect, ^Fragile
                  | rElec rN+ Dex+2}
 28246 | D:15     | Offered knowledge of Fireball by Vehumet.
 28255 | D:15     | Learned a level 5 spell: Fireball
 28343 | D:15     | Reached skill level 1 in Translocations
 29158 | Swamp:1  | Entered Level 1 of the Swamp
 29266 | Spider:1 | Entered Level 1 of the Spider Nest
 29266 | Spider:1 | Identified the serpent talisman "Puirghophu" {Will+ Dex+2
                  | Slay+2}
 29266 | Spider:1 | Noticed Aizul
 29276 | Lair:3   | Killed Aizul
 29383 | Spider:1 | Noticed an emperor scorpion
 29417 | Lair:3   | Killed an emperor scorpion
 29807 | Lair:3   | Reached skill level 13 in Spellcasting
 29930 | Spider:1 | Noticed Roxanne
 30093 | Spider:1 | Noticed Nikola
 30501 | Swamp:1  | Gained mutation: Your presence sometimes corrodes or
                  | deforms those you injure. [demonic ancestry]
 30501 | Swamp:1  | Reached XP level 16. HP: 92/124 MP: 32/33
 30695 | Swamp:1  | Noticed a thorn hunter
 30707 | Swamp:1  | Killed a thorn hunter
 30914 | Swamp:1  | Offered knowledge of Permafrost Eruption by Vehumet.
 31622 | Spider:1 | Killed Nikola
 32065 | Spider:1 | Killed Roxanne
 32414 | Spider:2 | Reached skill level 5 in Shields
 32470 | Spider:2 | Reached skill level 5 in Earth Magic
 32596 | Spider:2 | Found a runed translucent gate.
 32597 | Spider:2 | Found a runed translucent gate.
 32597 | Spider:2 | Found a runed translucent gate.
 32597 | Spider:2 | Noticed Fowoyxt's ghost (adept TrFi)
 32597 | Spider:2 | Noticed Sukhag's ghost (adept MiCA)
 32599 | Spider:2 | Noticed Chadd's ghost (adept CoGl)
 32599 | Spider:2 | Noticed Unoview's ghost (adept KoAr)
 32600 | Spider:2 | Noticed Oroqousi's ghost (adept GrEE)
 33196 | Swamp:2  | You fall into a shaft and drop 1 floor!
 33556 | Swamp:2  | Reached skill level 5 in Conjurations
 33559 | Swamp:2  | Reached ****** piety under Vehumet
 33632 | Swamp:2  | Offered knowledge of Ignition by Vehumet.
 33767 | Swamp:2  | Identified the +3 ring mail "Puritry" {Harm}
 34378 | Spider:2 | Reached skill level 14 in Spellcasting
 34805 | Spider:2 | Identified the serpent talisman "Faclyog" {*Corrode Str-4
                  | Dex+6}
 35073 | Spider:2 | Gained mutation: You are mostly covered in yellow scales.
                  | (AC +3) [demonic ancestry]
 35073 | Spider:2 | Reached XP level 17. HP: 75/131 MP: 2/35
 35438 | Spider:3 | Identified the +0 trident "Ygeruem" {freeze, Will++}
 35723 | Spider:4 | Entered Level 4 of the Spider Nest
 36188 | Spider:4 | Reached skill level 10 in Stealth
 38159 | Spider:4 | Offered knowledge of Fire Storm by Vehumet.
 38159 | Spider:4 | Offered knowledge of Chain Lightning by Vehumet.
 38159 | Spider:4 | Offered knowledge of Maxwell's Capacitive Coupling by
                  | Vehumet.
 39010 | Spider:4 | Got a gossamer rune of Zot
 39388 | Swamp:1  | Upgraded the game from 0.32-a0-886-g41c5271027 to
                  | 0.32-a0-893-gf85d74f360
 39521 | Swamp:3  | Gained mutation: A meltable icy envelope protects you from
                  | harm. (AC +4) [demonic ancestry]
 39521 | Swamp:3  | Reached XP level 18. HP: 115/140 MP: 8/36
 39740 | Swamp:3  | Reached skill level 15 in Spellcasting
 40034 | Swamp:4  | Entered Level 4 of the Swamp
 41631 | Swamp:4  | Got a decaying rune of Zot
 41918 | Vaults:1 | Entered Level 1 of the Vaults
 42001 | Vaults:1 | Learned a level 3 spell: Ozocubu's Armour
 42005 | Vaults:1 | Learned a level 3 spell: Frozen Ramparts
 42325 | Vaults:1 | Killed from afar by an ironbound frostheart

Illustrated notes

Levels and vault maps discovered:
D:1:      sevenhm_arrival_forest_fort_small_5, layout_basic
D:2:      layout_rooms, dreamdust_ecumenical_altar_grove
D:3:      layout_loops_corners, bh_walls_and_bars
D:4:      layout_cave_pods, temple_pool_b, uniq_menkaure
D:5:      layout_basic, tgw_sif, chequers_serial_rivers_room_a
D:6:      layout_basic, mainiacjoe_overflow_tiny_flanked,
          nicolae_gozag_seed_capital, uniq_blork_the_orc, uniq_sigmund
D:7:      layout_loops_corners, mainiacjoe_overflow_large_starburst,
          serial_shops, nicolae_shop_getting_attention, kennysheep_mini_moat,
          shop_statue, shop, nicolae_stop_n_shop_1, enter_bailey_2, uniq_maggie
D:8:      layout_basic, uniq_pikel
D:9:      layout_irregular_city, orc_0_dummy, minmay_diced_spiral, uniq_grum,
          uniq_joseph, uniq_amaemon
D:10:     nzn_winding_woodlands_medium [nzn_winding_woodlands_5x5_open_star,
          nzn_winding_woodlands_5x15_pathside_ponds,
          nzn_winding_woodlands_hourglass,
          nzn_winding_woodlands_5x5_checkerboard,
          nzn_winding_woodlands_center_garden,
          nzn_winding_woodlands_5x5_default, nzn_winding_woodlands_5x5_default,
          nzn_winding_woodlands_5x15_pockets,
          nzn_winding_woodlands_5x5_perimeter], layout_basic,
          dpeg_lair_monsters, serial_shops, kennysheep_little_box,
          nicolae_shop_waterfront
D:11:     cheibrodos_steamvent, layout_gridville, uniq_maurice, uniq_sonja
D:12:     layout_basic, serial_library, serial_library_hellmonk_filled_rooms,
          serial_library_hellmonk_narrow_alcove,
          serial_library_regret_index_small_wings,
          serial_library_hellmonk_room_b, serial_library_hellmonk_open_square,
          serial_library_regret_index_double_sided,
          serial_library_hellmonk_junction, serial_library_hellmonk_layered_room
D:13:     layout_roguey, erik_vaults_2
D:14:     layout_basic, serial_shops, nicolae_shop_stone
D:15:     grunt_enter_depths_hoard, layout_layer_cave, gauntlet_entry_generic,
          kennysheep_flooded_box
Temple:   bh_familiar_temple
Lair:1:   layout_hall_layers
Lair:2:   layout_chaotic_city, minmay_swamp_entry_reptiles, grunt_megastairs_1,
          serial_bayou_shore_b
Lair:3:   layout_chaotic_city, spider_nest_entry_funnel_web,
          chequers_serial_rivers_micro_d, uniq_gastronok
Lair:4:   layout_layer_cave, basic_altar, uniq_kirke
Lair:5:   evil_forest, layout_layer_cave, slime_entry_1,
          hellmonk_ghost_happy_afterlife, serial_bayou_shore_a
Swamp:1:  layout_basic_swamp, nicolae_swamp_big_swirl, infiniplex_staircase_pool
Swamp:2:  layout_basic_swamp, nicolae_swamp_round_clearing, swamp_pool_3
Swamp:3:  layout_falls_marsh, evilmike_swamp_ruin_house_3
Swamp:4:  swamp_alternative, layout_basic_swamp, nicolae_swamp_dense_foliage
Spider:1: layout_spider_delve, uniq_roxanne, uniq_aizul, uniq_nikola
Spider:2: layout_spider_delve, gammafunk_ghost_cemetery, nicolae_spider_orb_run
Spider:3: nicolae_spider_brood_tunnel
Spider:4: hellmonk_spider_rune_endless_swarm
Orc:1:    layout_caves, serial_shops, nicolae_shop_industrial_runoff,
          basic_altar
Orc:2:    st_orc_elflike, layout_caves, nicolae_orc_pool_cavern
Vaults:1: nicolae_vaults_door_testing_chamber, nicolae_vaults_closet_pinwheel_2,
          nicolae_vaults_steering_wheel, v_rooms_6,
          nicolae_vaults_bisected_exclaves, vaults_dpeg_emergency_exit,
          grunt_vaults_twisty, nicolae_vaults_variable_pillar_hall,
          nicolae_vaults_crenellated_ambush, nicolae_vaults_double_plus_1,
          layout_vaults_omnigrid

Skill      XL: |  1  2  3  4  5  6  7  8  9 10 11 12 13 14 15 16 17 18 |
---------------+-------------------------------------------------------+-----
Armour         | 2 3 4 5 |  5.8
Staves         | 3 4 5 6 7 |  7.4
Necromancy     | 2 3 4 5 6 7 |  7.7
Fighting       | 2 3 4 5 6 7 9 10 11 12 | 12.3
Stealth        | 2 3 4 5 6 7 8 9 10 | 10.5
Spellcasting   | 2 3 4 5 6 7 9 10 11 13 14 15 | 15.5
Dodging        | 1 2 3 4 5 6 |  6.1
Shields        | 1 2 3 4 6 7 |  7.8
Conjurations   | 2 3 4 5 |  5.5
Air Magic      | 2 3 4 5 6 7 8 |  8.1
Alchemy        | 2 3 4 5 6 7 |  7.2
Ice Magic      | 2 4 5 6 7 8 9 |  9.0
Fire Magic     | 1 3 4 5 6 |  6.3
Short Blades   | 1 2 3 4 5 |  5.8
Throwing       | 1 |  1.3
Evocations     | 2 3 |  3.4
Earth Magic    | 1 4 5 6 7 |  7.2
Translocations | 2 4 |  4.3
Maces & Flails | |  0.2

Action                     |  1- 3 |  4- 6 |  7- 9 | 10-12 | 13-15 | 16-18 || total
---------------------------+-------+-------+-------+-------+-------+-------++-------
  Melee: Quarterstaff      |   102 |   127 |   285 |   230 |    32 |       ||   776
         Dagger            |     1 |     1 |    41 |   305 |   433 |   638 ||  1419
         Touch             |       |       |     9 |    69 |    89 |       ||   167
         Rapier            |       |       |       |       |   242 |       ||   242
         Morningstar       |       |       |       |       |       |    13 ||    13
  Throw: Dart              |     1 |     3 |     7 |     2 |     9 |     1 ||    23
         Boomerang         |       |       |       |     4 |    10 |    21 ||    35
   Cast: Vampiric Draining |     1 |     8 |    28 |    46 |    71 |    47 ||   201
         Mercury Vapours   |       |       |     8 |   111 |   167 |   290 ||   576
         Mephitic Cloud    |       |       |     3 |    21 |    44 |    27 ||    95
         Scorch            |       |       |       |    19 |   118 |   104 ||   241
         Freezing Cloud    |       |       |       |     5 |    40 |    50 ||    95
         Iskenderun's Myst |       |       |       |     1 |    16 |    36 ||    53
         Airstrike         |       |       |       |       |    39 |    45 ||    84
         Blink             |       |       |       |       |     9 |    17 ||    26
         Lee's Rapid Decon |       |       |       |       |     1 |    11 ||    12
         Fireball          |       |       |       |       |       |    18 ||    18
Ability: Evoke Blink       |       |       |       |       |     2 |       ||     2
  Evoke: Wand              |       |       |       |     8 |     6 |    12 ||    26
         Gell's gravitambo |       |       |       |       |     1 |       ||     1
         Lightning rod     |       |       |       |       |       |     1 ||     1
    Use: Scroll            |       |     4 |     5 |     9 |    16 |    14 ||    48
         Potion            |       |     3 |     2 |       |     8 |     9 ||    22
   Stab: Sleeping          |     2 |     1 |     6 |     9 |    19 |    24 ||    61
         Paralysed         |       |       |    21 |    68 |   112 |   150 ||   351
         Confused          |       |       |     3 |    15 |    29 |    28 ||    75
         Distracted        |       |       |       |     1 |     2 |     1 ||     4
         Invisible         |       |       |       |       |     1 |       ||     1
 Armour: Leather armour    |    62 |    95 |   184 |       |       |       ||   341
         Robe              |       |       |    20 |   413 |   358 |       ||   791
         Troll leather arm |       |       |       |       |   194 |   641 ||   835
  Dodge: Dodged            |    51 |    45 |   169 |   288 |   397 |   445 ||  1395
  Block: Other             |       |    18 |    39 |    83 |    69 |       ||   209
         Buckler           |       |       |       |       |   113 |   359 ||   472
         Reflection        |       |       |       |       |     2 |    16 ||    18
         Kite shield       |       |       |       |       |       |   136 ||   136

Table legend: (Time is in decaauts)
 A = Elapsed time spent in this place.
 B = Non-inter-level travel time spent in this place.
 C = Inter-level travel time spent in this place.
 D = Time resting spent in this place.
 E = Time spent auto-exploring this place.
 F = Levels seen in this place.
 G = Mean time per level.
                   A        B        C        D        E       F      G
               +--------+--------+--------+--------+--------+-----+--------+
         Total |  42409 |  39317 |   3092 |  11099 |   9939 |  34 | 1247.3 |
       Dungeon |  18502 |  16554 |   1948 |   3096 |   4892 |  15 | 1233.5 |
        Temple |     36 |     36 |      0 |      0 |      0 |   1 |   36.0 |
          Lair |   8729 |   7972 |    757 |   2934 |   2154 |   5 | 1745.8 |
         Swamp |   4642 |   4453 |    189 |   1584 |   1280 |   4 | 1160.5 |
   Spider Nest |   7003 |   6884 |    119 |   2618 |   1377 |   4 | 1750.8 |
  Orcish Mines |   2011 |   1935 |     76 |    599 |    152 |   2 | 1005.5 |
        Vaults |    399 |    399 |      0 |     37 |     18 |   1 |  399.0 |
        Bailey |    495 |    495 |      0 |     52 |     65 |   1 |  495.0 |
      Gauntlet |    587 |    587 |      0 |    177 |      0 |   1 |  587.0 |
               +--------+--------+--------+--------+--------+-----+--------+

Top non-repeatable levels by time:
Spider:4: 3401 daAuts
  Lair:3: 2341 daAuts
  Lair:5: 2213 daAuts
    D:10: 2150 daAuts
    D:15: 1667 daAuts
  Lair:4: 1624 daAuts
Spider:2: 1597 daAuts
     D:4: 1594 daAuts
     D:8: 1582 daAuts
     D:9: 1578 daAuts
  Lair:1: 1462 daAuts
    D:11: 1364 daAuts
    D:14: 1303 daAuts
Spider:1: 1296 daAuts
 Swamp:4: 1282 daAuts
